 Dungeon Crawl Stone Soup version 0.30-a0-782-ge64f9170bb (webtiles) character file.

Game seed: 4115274349956059408

48 theswoord the Chopper (level 3, 0/27 HPs)
             Began as a Demonspawn Gladiator on Feb 23, 2023.
             Succumbed to an adder's poison
             ... on level 2 of the Dungeon.
             The game lasted 00:01:18 (1071 turns).

theswoord the Chopper (Demonspawn Gladiator)        Turns: 1071, Time: 00:01:19

Health: 0/27       AC:  5    Str: 16    XL:     3   Next: 50%
Magic:  3/3        EV: 12    Int:  9    God:
Gold:   19         SH:  0    Dex: 14    Spells: 2/2 levels left

rFire   + . .      SeeInvis .    a - +0 war axe
rCold   + . .      Faith    .    (no shield)
rNeg    . . .      Spirit   .    b - +0 leather armour
rPois   +          Reflect  .    (helmet restricted)
rElec   +          Harm     .    (no cloak)
rCorr   +          Rampage  .    (no gloves)
Will    .....                    (no boots)
Stlth   +                        (no amulet)
HPRegen 0.24/turn                (no ring)
MPRegen 0.08/turn                (no ring)

@: lethally poisoned (0 -> -2), resistant
A: antennae 1, slimy green scales 1
a: no special abilities


You were on level 2 of the Dungeon.
You visited 1 branch of the dungeon, and saw 2 of its levels.

You collected 19 gold pieces.

Inventory:

Hand Weapons
 a - a +0 war axe (weapon)
 j - a +0 whip
Missiles
 d - 3 throwing nets (quivered)
 e - a javelin
Armour
 b - a +0 leather armour (worn)
 c - a +0 helmet
Jewellery
 k - a ring of magical power
Scrolls
 g - 2 scrolls of vulnerability
 h - a scroll of identify


   Skills:
 - Level 2.0 Fighting
 + Level 4.1 Axes
 - Level 1.7 Throwing
 - Level 2.6 Dodging


You had 2 spell levels left.
You didn't know any spells.
Your spell library was empty.

Dungeon Overview and Level Annotations

Branches:
Dungeon (2/15)

Altars:


Innate Abilities, Weirdness & Mutations

You have a pair of small antennae on your head.
You are partially covered in slimy green scales. (AC +2)


Message History

The worm closely misses you.
You miss the adder. You hit the worm but do no damage.
The adder bites you but does no damage.
You closely miss the adder. You hit the worm.
The adder bites you but does no damage. The worm completely misses you.
The adder closely misses you.
You hit the worm. You miss the adder. The adder misses you.
The adder bites you but does no damage. The worm bites you!
You slash the worm! You closely miss the adder.
The adder bites you but does no damage. The worm bites you.
You hit the worm.
You kill the worm!
You barely miss the adder. The adder bites you.
You are poisoned.
The adder poisons you! The adder completely misses you.
Your Axes skill increases to level 4!
You hit the adder but do no damage.
You feel sick. The adder bites you.
* * * LOW HITPOINT WARNING * * *
The adder bites you.
* * * LOW HITPOINT WARNING * * *
You slash the adder!
You feel sick. The adder bites you.
* * * LOW HITPOINT WARNING * * *
You are lethally poisoned!
The adder poisons you! The adder barely misses you.
You slash the adder!
You kill the adder!
* * * LOW HITPOINT WARNING * * *
You feel sick.
Okay, then.
* * * LOW HITPOINT WARNING * * *
You feel sick.
You feel protected.
* * * LOW HITPOINT WARNING * * *
You feel sick.
* * * LOW HITPOINT WARNING * * *
You feel sick.
Okay, then.
* * * LOW HITPOINT WARNING * * *
You feel sick.
You die...

#.......# #.......#
#.......# #.......##
#........ #.......#
#....†..#
#######....†..#
#....<......@.######
#.######.#####.....#
#. #.. #...###.# ..
..~..#..####.# ###
.~~~......##.#
..~..####....# #...#
###..## ##.#
#...###### #.
##.....#.#


There were no monsters in sight!

Vanquished Creatures
  An adder (D:2)
  A worm (D:2)
  2 bats (D:1)
  4 endoplasms (D:1)
  3 giant cockroaches
  5 hobgoblins
  A quokka (D:2)
  4 ball pythons
  3 frilled lizards (D:1)
  3 goblins
  5 kobolds
  A rat (D:1)
33 creatures vanquished.

Notes
Turn   | Place    | Note
-------+----------+-------------------------------------------
     0 | D:1      | theswoord the Demonspawn Gladiator began the quest for the
                  | Orb.
     0 | D:1      | Reached XP level 1. HP: 16/16 MP: 1/1
   102 | D:1      | Reached skill level 3 in Axes
   174 | D:1      | Gained mutation: You are partially covered in slimy green
                  | scales. (AC +2) [demonic ancestry]
   174 | D:1      | Reached XP level 2. HP: 21/22 MP: 2/2
   989 | D:2      | Gained mutation: You have a pair of small antennae on your
                  | head. [demonic ancestry]
   989 | D:2      | Reached XP level 3. HP: 27/27 MP: 3/3
  1064 | D:2      | Reached skill level 4 in Axes
  1069 | D:2      | HP: 1/27 [poisoned by an adder]
  1071 | D:2      | Succumbed to an adder's poison

Skill      XL: |  1  2  3 |
---------------+----------+-----
Axes           | 3 4 |  4.1
Fighting       | |  2.0
Throwing       | |  1.7
Dodging        | |  2.6

Action                     || total
---------------------------++-------
  Melee: War axe           ||    76
    Use: Scroll            ||     6
         Potion            ||     1
   Stab: Sleeping          ||     4
 Armour: Leather armour    ||    31
  Dodge: Dodged            ||    52

Levels and vault maps discovered:
D:1:      dpeg_arrival_another_circle, layout_loops_ring
D:2:      layout_rooms, serial_shops, nicolae_shop_hallway_stairs,
          amcnicky_mini_pool_small, eino_tiny_chamber, uniq_jessica
